cohdb
Replays
Latest Replays
All Replays
Popular Replays
Top Player Replays
Match Explorer
How It Works
Community
CoH3 Stats
Reddit
Sign in to upload your games and track your stats! →
Sign in with Steam
Match 44678847
Unlisted
Match 44678847
Overview
Messages
Build Orders
End
Royal Engineer Section
Construct Section Command Post
Infantry Section
Selects Heavy Armor Battlegroup
Vickers Machine Gun Team
Infantry Section
Dingo Light Scout Car
Selects Rigorous Vehicle Training
Infantry Section
Construct Platoon Command Post
Infantry Section
Humber Armored Car
6-pounder Anti-tank Gun Team
6-pounder Anti-tank Gun Team
NUFC JW
pagep
0
0
Comments
sign in to comment!
No comments posted yet!